 Dungeon Crawl Stone Soup version 0.32-a0-913-g739538afd8 (webtiles) character file.

Game seed: 16756479904094941940

60 Fodor the Covered (level 3, 0/33 HPs)
             Began as a Minotaur Fighter on Apr 8, 2024.
             Succumbed to a kobold's poison
             ... on level 2 of the Dungeon.
             The game lasted 00:04:15 (1394 turns).

Fodor the Covered (Minotaur Fighter)                Turns: 1394, Time: 00:04:16

Health: 0/33       AC: 10    Str: 22    XL:     3   Next: 82%
Magic:  2/2        EV:  7    Int:  5    God:
Gold:   99         SH:  4    Dex:  9    Spells: 2/2 levels left

rFire   . . .        a - +0 war axe
rCold   . . .        c - +0 buckler
rNeg    . . .        b - +0 chain mail
rPois   .            (helmet restricted)
rElec   .            (no cloak)
rCorr   .            l - +0 pair of gloves
SInv    .            (no boots)
Will    .....        (no amulet) Stlth
                     (no ring)
HPRegen 0.25/turn    (no ring)
MPRegen 0.08/turn

%: no passive effects
@: lethally poisoned (0 -> -22)
A: horns 2, retaliatory headbutt
a: no special abilities


You were on level 2 of the Dungeon.
You visited 1 branch of the dungeon, and saw 2 of its levels.

You collected 99 gold pieces.

Inventory:

Hand Weapons
 a - a +0 war axe (weapon)
Armour
 b - a +0 chain mail (worn)
 c - a +0 buckler (worn)
 l - a +0 pair of gloves (worn)
Scrolls
 e - a scroll of vulnerability {unknown}
 f - 2 scrolls of poison {unknown}
 g - 3 scrolls of immolation {unknown}
 h - a scroll of teleportation {unknown}
 i - 3 scrolls of identify {unknown}
 k - a scroll of amnesia {unknown}
Potions
 d - a potion of might
 j - a potion of resistance {unknown}


   Skills:
 + Level 4.2 Fighting
 + Level 3.4 Axes
 + Level 4.4 Armour
 + Level 0.2 Dodging
 + Level 4.0 Shields


You had 2 spell levels left.
You didn't know any spells.
Your spell library was empty.

Dungeon Overview and Level Annotations

Branches:
Dungeon (2/15)

Altars:


Innate Abilities, Weirdness & Mutations

You have a pair of horns on your head.
You reflexively headbutt those who attack you in melee.


Message History

The adder is almost dead.
The adder bites you. The adder bites you but does no damage.
You closely miss the adder. Your headbutt misses the adder.
The adder is almost dead.
The adder bites you.
A hobgoblin comes into view.
The adder bites you but does no damage.
You closely miss the adder.
The adder is almost dead.
The hobgoblin shouts!
The adder bites you but does no damage. The adder closely misses you.
You slash the adder!
You kill the adder!
You barely miss the kobold. You block the kobold's attack.
The kobold hits you but does no damage.
You are poisoned.
You barely miss the kobold. Your headbutt misses the kobold.
You feel very sick. The kobold closely misses you.
You closely miss the kobold.
You feel sick. The kobold hits you but does no damage.
You are more poisoned.
The kobold hits you but does no damage.
You are more poisoned.
You barely miss the kobold.
You feel extremely sick. The kobold closely misses you.
You barely miss the kobold.
You feel very sick. The kobold hits you but does no damage.
You are lethally poisoned!
You miss the kobold.
* * * LOW HITPOINT WARNING * * *
You feel extremely sick. The kobold hits you but does no damage.
You are more poisoned.
The kobold hits you but does no damage.
You hit the kobold.
The kobold is moderately wounded.
You die...

#.# #.# # #.# ##. #.########
.... #.##.....# .....
#.##.###.##
......######.#.......####
.....gwK@....#..#.......#
......#######...#.#..##.#
..?.. #.....#†.##.# #...#
#.......†##.. #...#
###.#####.#### #### #...#
#.........# ...# #...#
#.#.###^###### .#.# #...#
#.#.###....... .#
#####...########.#..##.......


You could see a dart slug, a hobgoblin and a kobold.

Vanquished Creatures
  2 adders (D:2)
  2 ribbon worms (D:2)
  A dart slug (D:1)
  2 bats
  4 endoplasms (D:1)
  3 goblins (D:1)
  4 hobgoblins
  10 ball pythons
  A frilled lizard (D:2)
  4 kobolds (D:1)
  3 rats
36 creatures vanquished.

Notes
Turn   | Place    | Note
-------+----------+-------------------------------------------
     0 | D:1      | Fodor the Minotaur Fighter began the quest for the Orb.
     0 | D:1      | Reached XP level 1. HP: 19/19 MP: 0/0
   173 | D:1      | Reached XP level 2. HP: 19/27 MP: 1/1
   640 | D:1      | Reached XP level 3. HP: 33/33 MP: 2/2
  1141 | D:2      | Found a faded altar of an unknown god.
  1373 | D:2      | Identified the +7 dagger of Hoimp {distort, rN+ Str+5}
  1394 | D:2      | Succumbed to a kobold's poison

Illustrated notes

Levels and vault maps discovered:
D:1:      dpeg_chamrin_arrival_tetris, layout_loops_ring, serial_bayou,
          serial_bayou_shore_a, serial_bayou_lake_a, serial_bayou_shore_b,
          serial_bayou_pond_a, serial_bayou_pond_b, serial_bayou_pond_b
D:2:      layout_loops_cross, ebering_ecumenical_altar_abandoned

Skill      XL: |  1  2  3 |
---------------+----------+-----
Armour         | 4 |  4.4
Fighting       | 4 |  4.2
Shields        | 4 |  4.0
Axes           | 3 |  3.4
Dodging        | |  0.2

Action                     || total
---------------------------++-------
  Melee: War axe           ||    87
         Headbutt          ||    14
 Armour: Scale mail        ||    40
         Chain mail        ||    42
  Dodge: Dodged            ||    29
  Block: Buckler           ||    18

Table legend: (Time is in decaauts)
 A = Elapsed time spent in this place.
 B = Non-inter-level travel time spent in this place.
 C = Inter-level travel time spent in this place.
 D = Time resting spent in this place.
 E = Time spent auto-exploring this place.
 F = Levels seen in this place.
 G = Mean time per level.
                   A        B        C        D        E       F      G
               +--------+--------+--------+--------+--------+-----+--------+
         Total |   1483 |   1470 |     13 |      0 |   1034 |   2 |  741.5 |
       Dungeon |   1483 |   1470 |     13 |      0 |   1034 |   2 |  741.5 |
               +--------+--------+--------+--------+--------+-----+--------+

Top non-repeatable levels by time:
     D:1: 947 daAuts
     D:2: 536 daAuts
